 Dungeon Crawl Stone Soup version 0.30.1-9-gdf580d7c3d (webtiles) character file.

Game seed: 823226129735146718

6 KittyFluff the Trooper (level 1, -2/14 HPs)
             Began as a Gargoyle Berserker on Oct 16, 2023.
             Was a Follower of Trog.
             Slain by a gnoll
             ... wielding a +0 whip of electrocution
              (8 damage)
             ... on level 1 of the Dungeon.
             The game lasted 00:00:50 (180 turns).

KittyFluff the Trooper (Gargoyle Berserker)          Turns: 180, Time: 00:00:51

Health: -2/14      AC:  4    Str: 20    XL:     1   Next: 90%
Magic:  1/1        EV: 11    Int:  7    God:    Trog [*.....]
Gold:   15         SH:  0    Dex:  9    Spells: 0/0 levels left

rFire   . . .        a - +0 mace
rCold   . . .        (no shield)
rNeg    + . .        b - +0 animal skin
rPois   ∞            (no helmet)
rElec   +            (no cloak)
rCorr   .            (no gloves)
SInv    .            (no boots)
Will    .....        (no amulet)
Stlth   +            (no ring)
HPRegen 0.22/turn    (no ring)
MPRegen 0.07/turn

%: no passive effects
@: no status effects
A: sickness immunity, AC +2, negative energy resistance 1, electricity
resistance, torment resistance 1, petrification resistance
a: Renounce Religion, Berserk


You were on level 1 of the Dungeon.
You worshipped Trog.
Trog was aware of your devotion.
You visited 1 branch of the dungeon, and saw 1 of its levels.

You collected 15 gold pieces.

Inventory:

Hand Weapons
 a - a +0 mace (weapon)
Armour
 b - a +0 animal skin (worn)
Scrolls
 c - 3 scrolls of identify {unknown}


   Skills:
 + Level 3.3 Fighting
 * Level 3.1 Maces & Flails
 * Level 2.4 Armour
 + Level 1.6 Dodging


You couldn't memorise any spells.
You didn't know any spells.
Your spell library was empty.

Dungeon Overview and Level Annotations

Branches:
Dungeon (1/15)

Altars:


Innate Abilities, Weirdness & Mutations

You are immune to sickness and miasma.
Your stone body is resilient. (AC +2)
You are immune to poison.
You resist negative energy. (rN+)
You are resistant to electric shocks. (rElec)
You are resistant to unholy torment.
You are immune to petrification.


Message History

The goblin hits you but does no damage.
You hit the goblin.
You kill the goblin!
Trog accepts your kill.
You hit the endoplasm.
The endoplasm is moderately wounded.
The endoplasm freezes you.
You are frozen.
The endoplasm jiggles.
The endoplasm barely misses you.
You sock the endoplasm!
You kill the endoplasm!
Trog accepts your kill.
You see here a +0 club.
Found 15 gold pieces.
You now have 15 gold pieces.
A gnoll comes into view.
It is wielding a +0 whip of electrocution.
The gnoll shouts!
The gnoll hits you with a +0 whip of electrocution.
You completely miss the gnoll. The gnoll completely misses you.
You hit the gnoll but do no damage.
The gnoll hits you with a +0 whip of electrocution.
You hit the gnoll.
The gnoll is lightly wounded.
The gnoll hits you with a +0 whip of electrocution.
You hit the gnoll.
The gnoll is moderately wounded.
The gnoll hits you with a +0 whip of electrocution.
The gnoll barely misses you.
You hit the gnoll.
The gnoll is heavily wounded.
The gnoll misses you.
You closely miss the gnoll.
The gnoll is heavily wounded.
The gnoll closely misses you.
You hit the gnoll.
The gnoll is almost dead.
The gnoll hits you with a +0 whip of electrocution!
Ouch! That really hurt!
You die...

#≈≈≈# ≈≈≈≈# ≈≈≈≈# #
≈≈.≈#.~ ##~≈.~.~~
########## #~~≈≈~≈~~
.........####.~~~≈~≈~
#....g@.......~~~~~~~
#......~~...##~~..~.~
....~~~~~~~..##
#.#...
~~~~~~≈~≈≈~~..# ....
~~~~≈≈≈≈≈≈≈≈~.###.. .
≈≈≈≈≈≈≈≈≈≈≈~~..#.#
≈≈≈≈≈≈#####≈~~..#
≈≈≈≈≈≈##...##~~).#
≈≈≈≈≈≈≈#..>..#≈~~.#


You could see a gnoll.

Vanquished Creatures
  2 endoplasms (D:1)
  A goblin (D:1)
  A quokka (D:1)
  A bat (D:1)
5 creatures vanquished.

Notes
Turn   | Place    | Note
-------+----------+-------------------------------------------
     0 | D:1      | KittyFluff the Gargoyle Berserker began the quest for the
                  | Orb.
     0 | D:1      | Reached XP level 1. HP: 14/14 MP: 1/1
   180 | D:1      | Slain by a gnoll

Illustrated notes

Levels and vault maps discovered:
D:1:      minmay_arrival_shoal_huts, layout_loops_ring,
          chequers_serial_rivers_large_a, amcnicky_mini_rare_corridor_liquid,
          dk_noncrumbling_3

Action                     || total
---------------------------++-------
  Melee: Mace              ||    27
 Armour: Animal skin       ||     3
  Dodge: Dodged            ||    20
